 Dungeon Crawl Stone Soup version 0.30.0-17-ge0270778cf (webtiles) character file.

Game seed: 13506353559303591556

20 Daunt the Trooper (level 2, 0/27 HPs)
             Began as a Hill Orc Hunter on May 21, 2023.
             Succumbed to a gnoll's poison
             ... on level 2 of the Dungeon.
             The game lasted 00:01:08 (868 turns).

Daunt the Trooper (Hill Orc Hunter)                  Turns: 868, Time: 00:01:08

Health: 0/27       AC:  3    Str: 10 (13) XL:     2   Next: 79%
Magic:  2/2        EV: 11    Int:  8 (9)  God:
Gold:   39         SH:  0    Dex: 12 (14) Spells: 1/1 levels left

rFire   . . .        a - +0 shortbow
rCold   . . .        (shield currently unavailable)
rNeg    . . .        c - +0 leather armour
rPois   .            (no helmet)
rElec   .            (no cloak)
rCorr   .            (no gloves)
SInv    .            (no boots)
Will    .....        (no amulet)
Stlth   +            (no ring)
HPRegen 0.24/turn    (no ring)
MPRegen 0.08/turn

%: no passive effects
@: lethally poisoned (0 -> -18), flying
A: no striking features
a: no special abilities


You were on level 2 of the Dungeon.
You visited 1 branch of the dungeon, and saw 2 of its levels.

You collected 39 gold pieces.

Inventory:

Hand Weapons
 a - a +0 shortbow (weapon)
Missiles
 d - 9 stones
 f - 6 javelins
Armour
 c - a +0 leather armour (worn)
 k - a +0 plate armour
Scrolls
 b - a scroll of immolation
 e - 2 scrolls of noise {unknown}
 g - a scroll of poison {unknown}
 h - a scroll of fog {unknown}
Potions
 i - a potion of flight


   Skills:
 + Level 4.0 Fighting
 - Level 3.6 Ranged Weapons
 - Level 1.5 Dodging
 - Level 0.7 Stealth


You had one spell level left.
You didn't know any spells.
Your spell library contained the following spells:

 Spells                   Type           Power      Damage    Failure   Level
 Animate Dead             Necr           0%         N/A       99%         4
 Haunt                    Necr/Summ      0%         N/A       100%        7
 Infestation              Necr           0%         N/A       100%        8


Dungeon Overview and Level Annotations

Branches:
Dungeon (2/15)

Altars:


Message History

You shoot an arrow.
The arrow hits the gnoll but does no damage.
A gnoll comes into view. It is wielding a +0 halberd.
A gnoll comes into view. It is wielding a +0 flail.
The gnoll closely misses you. The gnoll barely misses you.
You shoot an arrow. The gnoll shouts!
The arrow hits the gnoll.
The gnoll is moderately wounded.
The gnoll misses you.
You shoot an arrow. The arrow closely misses the gnoll.
The arrow barely misses the gnoll.
The gnoll barely misses you.
You shoot an arrow.
The arrow hits the gnoll but does no damage.
The gnoll is moderately wounded.
The gnoll hits you from afar with a +0 halberd of venom.
You are poisoned.
The gnoll barely misses you.
A gnoll breaks down the door.
You shoot an arrow. The arrow hits the gnoll.
The gnoll is severely wounded.
You feel very sick.
The gnoll hits you from afar with a +0 halberd of venom.
You are lethally poisoned!
Unknown command.
You are too injured to fight recklessly!
Unknown command.
Unknown command.
It was a potion of flight.
You feel very buoyant.
You fly up into the air.
You feel very sick. The gnoll barely misses you.
The gnoll hits you with a +0 flail.
* * * LOW HITPOINT WARNING * * *
The gnoll closely misses you.
Unknown command.
Unknown command.
It was a potion of degeneration.
There was something very wrong with that liquid.
You feel weakened.
You feel dopey.
You feel clumsy.
You die...

#...## #..>.. .
###############.####
.. #...............#
...##+#.......#######
..............#
..............#
..............#
.....gg@......#
..###g#.......# #
#.......# #########


You could see 3 gnolls.

Vanquished Creatures
  A worm (D:2)
  A dart slug (D:1)
  3 endoplasms
  A hobgoblin (D:1)
  2 kobolds (D:1)
  4 ball pythons
  A bat (D:1)
  2 frilled lizards
  A rat (D:1)
16 creatures vanquished.

Notes
Turn   | Place    | Note
-------+----------+-------------------------------------------
     0 | D:1      | Daunt the Hill Orc Hunter began the quest for the Orb.
     0 | D:1      | Reached XP level 1. HP: 18/18 MP: 1/1
    56 | D:1      | Reached skill level 3 in Fighting
   185 | D:1      | Reached XP level 2. HP: 26/26 MP: 2/2
   478 | D:1      | Found a faded altar of an unknown god.
   857 | D:2      | Reached skill level 4 in Fighting
   868 | D:2      | Succumbed to a gnoll's poison

Illustrated notes

Levels and vault maps discovered:
D:1:      amcnicky_arrival_underground_garden, layout_basic,
          hellmonk_ecumenical_altar_run_dry, st_stairs_6
D:2:      layout_basic, serial_shops, shop, shop, minmay_misc_feat_rugged

Skill      XL: |  1  2 |
---------------+-------+-----
Fighting       | 3 4 |  4.0
Ranged Weapons | |  3.6
Dodging        | |  1.5
Stealth        | |  0.7

Action                     || total
---------------------------++-------
   Fire: Shortbow          ||    43
    Use: Potion            ||     2
 Armour: Leather armour    ||     1
  Dodge: Dodged            ||    10
